 Dungeon Crawl Stone Soup version 0.17-a0-2171-ga91b4ec (webtiles) character file.

64 kosy22 the Grasshopper (level 3, 0/30 HPs)
             Began as a Draconian Warper on Oct 25, 2015.
             Slain by a jackal (1 damage)
             ... on level 3 of the Dungeon.
             The game lasted 00:05:24 (1824 turns).

kosy22 the Grasshopper (Draconian Warper)           Turns: 1824, Time: 00:05:24

Health: 0/30       AC:  5    Str: 14    XL:     3   Next: 91%
Magic:  1/6        EV: 12    Int: 13    God:
Gold:   75         SH:  0    Dex: 10    Spells: 2 memorised, 3 levels left

rFire  + . .     SeeInvis .     a - +0 hand axe
rCold  . . .     Clarity  .     (armour unavailable)
rNeg   . . .     SustAt   .     (no shield)
rPois  .         Gourm    .     (helmet restricted)
rElec  .         Spirit   .     (no cloak)
rCorr  .         Warding  .     (no gloves)
rMut   .         Stasis   .     (no boots)
MR     .....                    (no amulet)
Stlth  +.........               q - ring of protection from fire
                                f - ring of flight

@: very slightly contaminated, not resistant to hostile enchantments, very
unstealthy
A: unfitting armour, cold-blooded, AC +5
a: Evoke Flight


You were on level 3 of the Dungeon.
You were not hungry.

You visited 1 branch of the dungeon, and saw 3 of its levels.

You collected 75 gold pieces.

Inventory:

Hand Weapons
 a - a +0 hand axe (weapon)
Missiles
 d - 3 tomahawks of dispersal (quivered)
Jewellery
 f - a ring of flight (left hand)
 q - a ring of protection from fire (right hand)
Scrolls
 c - a scroll of blinking
 h - a scroll of teleportation
 j - 2 scrolls of identify
 p - a scroll of remove curse {unknown}
Potions
 i - a potion of resistance
 k - a potion of flight {unknown}
 m - a potion of haste {unknown}
 n - a potion of might {unknown}
 o - a potion of poison {unknown}
Books
 b - a book of Spatial Translocations

   Spells                             Type                      Level
   a - Apportation                    Translocation                1
   b - Blink                          Translocation                2
   c - Shroud of Golubria             Charms/Translocation         2
   d - Portal Projectile              Translocation                3
   e - Teleport Other                 Translocation                3
   f - Passage of Golubria            Translocation                4
Comestibles
 e - a bread ration
 g - a beef jerky
 l - a meat ration


   Skills:
 + Level 2.7 Fighting
 + Level 2.5 Axes
 + Level 0.8 Throwing
 + Level 3.0 Dodging
 + Level 2.1 Spellcasting
 + Level 3.4 Translocations


You had 3 spell levels left.
You knew the following spells:

 Your Spells              Type           Power        Failure   Level  Hunger
a - Apportation           Tloc           ##........   10%         1    ##.....
b - Blink                 Tloc           N/A          12%         2    ###....


Dungeon Overview and Level Annotations

Branches:
Dungeon (3/15)

Altars:
Kikubaaqudgha


Innate Abilities, Weirdness & Mutations

Your plain brown scales are hard (AC +5).
Your body does not fit into most forms of armour.
You are cold-blooded and may be slowed by cold attacks.


Message History

* * * LOW HITPOINT WARNING * * *
The orc hits you but does no damage.
Throwing (i - inventory):
d - 5 tomahawks of dispersal (quivered)
Press: ? - help, Shift-Dir - straight line, f - orc
Aim: an orc, wielding a short sword You throw a tomahawk of dispersal.
The tomahawk of dispersal hits the orc.
The orc blinks!
The orc is severely wounded.
The orc hits you with a whip.
* * * LOW HITPOINT WARNING * * *
The hobgoblin barely misses you. The orc barely misses you.
Throwing (i - inventory):
d - 4 tomahawks of dispersal (quivered)
Press: ? - help, Shift-Dir - straight line, f - orc, p - orc
Aim: an orc, wielding a club and wearing a leather armour You throw a tomahawk of dispersal.
The tomahawk of dispersal barely misses the orc.
The jackal barely misses you.
The hobgoblin hits you but does no damage.
The orc barely misses you. The jackal bites you.
You die...

#########
#.(h@...#
#.....#
#..wo...#
#.###..####
#oo......#
oo...##.##.#


You could see a worm, 4 orcs, a jackal and a hobgoblin.

Vanquished Creatures
  An adder (D:2)
  An ooze (D:1)
  2 worms (D:2)
  5 giant cockroaches
  5 goblins
  7 hobgoblins
  5 jackals
  2 bats (D:2)
  4 giant newts
  6 kobolds
  10 rats
48 creatures vanquished.

Notes
Turn   | Place    | Note
--------------------------------------------------------------
     0 | D:1      | kosy22 the Draconian Warper began the quest for the Orb.
     0 | D:1      | Reached XP level 1. HP: 17/17 MP: 3/3
   278 | D:1      | Reached XP level 2. HP: 22/24 MP: 5/5
   293 | D:1      | Learned a level 2 spell: Blink
   888 | D:2      | Reached XP level 3. HP: 30/30 MP: 6/6
  1240 | D:2      | Found an ancient bone altar of Kikubaaqudgha.
  1823 | D:3      | HP: 1/30 [orc/whip (3)]
  1824 | D:3      | Slain by a jackal

Vault maps used:
D:1:      dpeg_arrival_more_subterranean_lakeside_camping,
          minmay_misc_feat_cross
D:2:      kiku_gazebo_pond_becter
D:3:      tso_metal_star

Action                   || total
-------------------------++-------
Melee: Hand axe          ||   146
Throw: Tomahawk          ||     2
 Cast: Apportation       ||     2
       Blink             ||     3
  Use: Scroll            ||     3
  Eat: Bread ration      ||     1
       Beef jerky        ||     1
